 Dungeon Crawl Stone Soup version 0.18-a0-1702-gd20c6a5 (webtiles) character file.

279 4thArraOfDagon the Chopper (level 6, -12/56 HPs)
             Began as a Hill Orc Berserker on Apr 6, 2016.
             Was a Believer of Trog.
             Mangled by an orc knight
             ... wielding a +0 war axe
              (22 damage)
             ... while paralysed
             ... in a bailey.
             The game lasted 00:04:02 (813 turns).

4thArraOfDagon the Chopper (Hill Orc Berserker)      Turns: 813, Time: 00:04:03

Health: -12/56     AC: 12    Str: 22    XL:     6   Next: 26%
Magic:  6/6        EV:  2    Int:  7    God:    Trog [**....]
Gold:   40         SH:  0    Dex: 10    Spells: 0 memorised, 5 levels left

rFire  . . .     SeeInvis .     a - +0 hand axe
rCold  . . .     Gourm    .     h - +0 plate armour
rNeg   . . .     Faith    .     (no shield)
rPois  .         Spirit   .     (no helmet)
rElec  .         Dismiss  .     (no cloak)
rCorr  .         Reflect  .     g - +0 pair of gloves
SustAt .         Harm     .     (no boots)
MR     ++...                    (no amulet)
Stlth  ..........               (no ring)
                                e - ring of flight

@: paralysed, exhausted, flying, regenerating, slowed, very resistant to hostile
enchantments, extremely unstealthy
A: no striking features
a: Berserk, Trog's Hand, Burn Spellbooks, Renounce Religion, Stop Flying


You were in a bailey.
You worshipped Trog.
Trog was pleased with you.
You were near starving.

You visited 1 branch of the dungeon, and saw 7 of its levels.
You also visited: Bailey.

You collected 40 gold pieces.

Inventory:

Hand Weapons
 a - a +0 hand axe (weapon)
Missiles
 j - 2 steel javelins (quivered)
Armour
 g - a +0 pair of gloves (worn)
 h - a +0 plate armour (worn)
Jewellery
 e - a ring of flight (left hand)
Scrolls
 d - a scroll of remove curse
Potions
 b - a potion of brilliance
 k - a potion of degeneration
Comestibles
 c - 4 bread rations
 f - a beef jerky
 i - 2 chunks of flesh


   Skills:
 + Level 5.1 Fighting
 * Level 6.9 Axes
 + Level 3.9 Armour
 - Level 1.5 Dodging


You had 5 spell levels left.
You didn't know any spells.

Dungeon Overview and Level Annotations

Branches:
Dungeon (7/15)
 Temple: D:4-7

Altars:
Makhleb
Pakellas


Message History

The tomahawk of returning closely misses you.
The weapon returns to the kobold!
Unknown command.
You closely miss the orc knight.
The orc knight is severely wounded.
The orc knight hits you with a war axe!
* * * LOW HITPOINT WARNING * * *
Unknown command.
You closely miss the orc knight.
The orc knight is severely wounded.
You are no longer berserk.
You pass out from exhaustion.
You feel yourself slow down.
You are near starving!
The kobold throws a tomahawk of returning.
The tomahawk of returning hits you.
* * * LOW HITPOINT WARNING * * *
The weapon returns to the kobold!
The orc knight hits you with a war axe!!
You die...

##..(.(#### ##....(..###
#..∩......####
#.............####
#≈≈≈≈≈≈≈≈≈........###
≈≈≈≈≈≈≈≈≈≈≈≈≈(.(.....##
≈≈≈#########≈≈≈≈≈(.....#
≈≈K#..ooog.#K≈≈≈≈≈≈≈....#
#..ggKK.####(@≈≈≈≈≈≈≈≈
###'## #..#((ogo≈≈≈≈≈ .K
....###Kg....#≈ ###..+
#.....## #.. #.......
...⌠.... ....... ......#


You could see an orc knight, an orc warrior, a hobgoblin, a goblin and 2
kobolds.

Vanquished Creatures
  An ogre (D:6)
  A howler monkey (D:6)
  A crimson imp (D:7)
  A centaur skeleton (D:7)
  A hound (D:7)
  3 adders (D:2)
  2 oozes
  A worm (D:2)
  A dart slug (D:2)
  A giant gecko (D:5)
  3 bats (D:1)
  A goblin (D:1)
  2 hobgoblins
  2 jackals (D:7)
  7 kobolds
  A quokka (D:6)
  2 rats
31 creatures vanquished.

Notes
Turn   | Place    | Note
--------------------------------------------------------------
     0 | D:1      | 4thArraOfDagon the Hill Orc Berserker began the quest for the Orb.
     0 | D:1      | Reached XP level 1. HP: 19/19 MP: 1/1
   132 | D:1      | Reached XP level 2. HP: 16/27 MP: 2/2
   268 | D:2      | Reached XP level 3. HP: 23/33 MP: 3/3
   301 | D:2      | Reached skill level 5 in Axes
   326 | D:2      | Found a burning altar of Makhleb.
   366 | D:3      | Found an oddly glowing altar of Pakellas.
   384 | D:3      | Reached XP level 4. HP: 27/40 MP: 4/4
   423 | D:5      | Entered Level 5 of the Dungeon
   577 | D:6      | Noticed an ogre
   598 | D:6      | Killed an ogre
   598 | D:6      | Reached ** piety under Trog
   598 | D:6      | Reached skill level 6 in Axes
   598 | D:6      | Reached XP level 5. HP: 47/47 MP: 5/5
   700 | D:7      | FUCKER
   732 | D:7      | Reached skill level 5 in Fighting
   732 | D:7      | Reached XP level 6. HP: 56/56 MP: 6/6
   763 | D:7      | Found a flagged portal.
   772 | Bailey   | Entered a bailey
   778 | Bailey   | Noticed an orc warrior
   779 | Bailey   | Noticed an orc warrior
   781 | Bailey   | Noticed an orc warrior
   782 | Bailey   | WELCOMe
   782 | Bailey   | TO THE BAILEY OF USELESS
   782 | Bailey   | Noticed an orc warrior
   786 | Bailey   | Noticed an orc knight
   786 | Bailey   | Noticed an orc warrior
   813 | Bailey   | Mangled by an orc knight

Vault maps used:
D:1:      lightli_arrival_flooded_house, serial_bayou_pond_c
D:2:      nicolae_overflow_hidden_temple, nemelex_deck,
          ashenzari_conservatory_becter, old_standard_altar, minmay_lizard_king
D:3:      lemuel_crystal_altar, kennysheep_another_room
D:4:      marbit_many_paths, trog_three_pillars_becter
D:5:      minmay_temple_entry_poolview, nicolae_ossuary_entry_monument,
          first_bread, uniq_menkaure
D:6:      cheibriados_altar_1
D:7:      okawaru_altar_gauntlet_db, enter_bailey_2
Bailey:   bailey_axe_4, bailey

Skill      XL: |  1  2  3  4  5 |
---------------+----------------+-----
Fighting       | 4 5 |  5.1
Axes           | 5 6 |  6.9
Armour         | 3 |  3.9
Dodging        | |  1.5

Action                   |  1- 3 |  4- 6 || total
-------------------------+-------+-------++-------
Melee: Hand axe          |    57 |    98 ||   155
Invok: Berserk           |     2 |     3 ||     5
       Trog's Hand       |       |     2 ||     2
 Abil: Evoke Flight      |       |     1 ||     1
  Use: Scroll            |       |     6 ||     6
 Stab: Distracted        |     1 |       ||     1
  Eat: Chunk             |       |     4 ||     4
